AoeStats
← tony le gros rou

Arabia

507252831Analyzed
2v2 RM · 14d ago on Sep 17, 2026· 33m 30s· 4 players
Game mode
Random Map
Map size
Medium (4 player)
Population
200
Speed
Normal
Resources
Standard
Victory
Conquest
Starting age
Dark Age
Ending age
Imperial Age
RankedLock teamsTeams togetherTeam positionsShared explorationLock speedFull tech treeHidden civsTurbo modeCheats
Victory
Defeat
🇫🇷 Poles · France
1490
+13
🇫🇷 Bengalis · France
1475
+13
🇹🇷 Vietnamese · Türkiye
1413
-13
🇳🇱 Ethiopians · Netherlands
1413
-13
[OGL] ugur1616
6:33 Loom
8:58 Feudal Age
13:08 Fletching
16:42 Padded Archer Armor
24:33 Castle Age
24:14 Gold Mining
24:41 Crossbowman
25:27 Thumb Ring
25:24 Bodkin Arrow
26:52 Ballistics
28:13 Leather Archer Armor
31:09 Thumb Ring
[OGL] antibiyotik
6:34 Loom
7:05 Loom
9:21 Feudal Age
9:49 Double-Bit Axe
13:30 Horse Collar
15:20 Padded Archer Armor
16:39 Fletching
25:22 Castle Age
24:07 Gold Mining
25:50 Crossbowman
31:31 Wheelbarrow
tony le gros rou
6:20 Loom
8:56 Feudal Age
14:14 Fletching
27:27 Castle Age
27:03 Double-Bit Axe
27:47 Padded Archer Armor
28:26 Bodkin Arrow
28:34 Crossbowman
30:20 Bloodlines
32:19 Husbandry
ccereal
6:11 Loom
8:21 Feudal Age
9:18 Double-Bit Axe
15:54 Forging
16:32 Wheelbarrow
16:49 Scale Barding Armor
16:41 Town Watch
19:00 Bloodlines
22:59 Castle Age
20:53 Horse Collar
22:59 Light Cavalry
24:00 Chain Barding Armor
24:14 Husbandry
26:37 Gold Mining
28:46 Iron Casting
Connection lost

Rejoining the realm…

Still unreachable

The connection could not be restored.

Session expired

The server has moved on; the page needs a fresh start.